 Dungeon Crawl Stone Soup version 0.31-a0-202-g547052bce9 (webtiles) character file.

Game seed: 1065228597523302172

144 qw the Skirmisher (level 5, -4/29 HPs)
             Began as a Deep Elf Hunter on June 26, 2023.
             Slain by Sigmund
             ... wielding a +0 scythe
              (8 damage)
             ... on level 4 of the Dungeon.
             The game lasted 00:00:48 (2020 turns).

qw the Skirmisher (Deep Elf Hunter)                 Turns: 2020, Time: 00:00:49

Health: -4/29      AC:  5    Str: 10    XL:     5   Next: 5%
Magic:  7/7        EV: 11    Int: 14    God:
Gold:   143        SH:  0    Dex: 18    Spells: 4/4 levels left

rFire   . . .        Y - +1 shortbow
rCold   . . .        (shield currently unavailable)
rNeg    . . .        f - +0 ring mail
rPois   .            (no helmet)
rElec   .            (no cloak)
rCorr   .            (no gloves)
SInv    .            (no boots)
Will    .....        (no amulet)
Stlth   +            (no ring)
HPRegen 0.24/turn    (no ring)
MPRegen 0.10/turn

%: no passive effects
@: no status effects
A: no striking features
a: no special abilities


You were on level 4 of the Dungeon.
You visited 1 branch of the dungeon, and saw 4 of its levels.

You collected 143 gold pieces.


   Skills:
 - Level 1.5 Fighting
 + Level 8.4 Ranged Weapons
 - Level 2.4 Dodging
 - Level 1.2 Stealth


You had 4 spell levels left.
You didn't know any spells.
Your spell library was empty.

Inventory:

Hand Weapons
 Y - a +1 shortbow (weapon)
Armour
 f - a +0 ring mail (worn)
Scrolls
 a - a scroll of identify
Potions
 c - a potion of heal wounds {unknown}
 e - a potion of curing
 g - a potion of cancellation {unknown}
 h - a potion of might {unknown}

Dungeon Overview and Level Annotations

Branches:
Dungeon (4/15)
 Temple: D:4-7

Altars:
Cheibriados

Annotations:
D:4 Grinder, Sigmund


Message History

You shoot an arrow. The arrow hits Grinder.
Grinder is lightly wounded.
Grinder grins, showing sharp teeth.
Grinder hits you but does no damage.
You shoot an arrow. The arrow closely misses Grinder.
The arrow hits the howler monkey but does no damage.
Grinder closely misses you.
Sigmund the Dreaded comes into view.
He is wielding a +0 scythe.
You shoot an arrow.
Sigmund shouts!
The arrow hits Grinder!
Grinder is moderately wounded.
Grinder closely misses you.
You shoot an arrow.
The arrow hits Grinder but does no damage.
Grinder is moderately wounded.
The howler monkey barely misses you. Grinder hits you.
You writhe in agony.
The howler monkey barely misses you.
You shoot an arrow. The arrow hits Grinder.
Grinder is moderately wounded.
Grinder blinks!
The howler monkey barely misses you.
You shoot an arrow. The arrow hits the howler monkey.
The howler monkey is moderately wounded.
The howler monkey hoots and howls with incredible vigour!
You hear a shout! x4
You shoot an arrow. The arrow hits the howler monkey!
The howler monkey is almost dead.
The howler monkey barely misses you. x2
Grinder gestures at you. Pain shoots through your body!
You shoot an arrow. The arrow hits the howler monkey.
You kill the howler monkey!
Sigmund hits you from afar with a +0 scythe!
Your Ranged Weapons skill increases to level 8!
You have reached level 5!
You shoot an arrow. The arrow barely misses Grinder.
Grinder gestures at you. You resist with significant effort.
Sigmund hits you from afar with a +0 scythe!
You die...

#..........#...
#..........#...
#..........#...
#..........'... #
#########...##...##...
..#........#####...#####
..............#.........
..........>...#.........
.......@.5....#.........
.........@....+.........
#####+####....#########.
#....# #. ....>.. #.
...... #. ..... #. #. ##


You could see Grinder and Sigmund.

Vanquished Creatures
  A howler monkey (D:4)
  A gnoll (D:1)
  2 adders (D:2)
  A worm (D:3)
  2 dart slugs
  3 orcs (D:3)
  6 bats
  5 endoplasms
  6 goblins
  2 hobgoblins
  12 jackals
  3 kobolds
  3 quokkas
  4 ball pythons
  4 frilled lizards
  2 quokka skeletons (D:2)
  5 rats
62 creatures vanquished.

Notes
Turn   | Place    | Note
-------+----------+-------------------------------------------
     0 | D:1      | qw the Deep Elf Hunter began the quest for the Orb.
     0 | D:1      | Reached XP level 1. HP: 12/12 MP: 3/3
     0 | D:1      | 0 ||| qw: Version: 0.3-a-22-g0ed2b0b
     0 | D:1      | 0 ||| qw: Game counter: 6197
     0 | D:1      | 0 ||| qw: Melee chars always use a shield: true
     0 | D:1      | 0 ||| qw: God list: Okawaru
     0 | D:1      | 0 ||| qw: Allow faded altars: false
     0 | D:1      | 0 ||| qw: Do Orc after clearing Dungeon:15 true
     0 | D:1      | 0 ||| qw: Do second Lair branch before Depths: true
     0 | D:1      | 0 ||| qw: Lair rune preference: random
     0 | D:1      | 0 ||| qw: Goals: Normal
     0 | D:1      | 0 ||| PLANNING D:1-11
    70 | D:1      | Reached XP level 2. HP: 16/16 MP: 4/4
    88 | D:1      | Reached skill level 6 in Ranged Weapons
   538 | D:1      | Reached XP level 3. HP: 20/20 MP: 5/5
   694 | D:1      | 694 ||| READING scroll labelled IVASUNGOLOF.
   695 | D:1      | 695 ||| READING scroll labelled CEFI YMU XAZ.
   696 | D:1      | 696 ||| READING scroll labelled DALUIQ WIES.
   697 | D:1      | 697 ||| READING scroll labelled FOOSSY LOSEA.
   698 | D:1      | 698 ||| DROPPING scroll of butterflies.
   741 | D:2      | Reached skill level 7 in Ranged Weapons
   741 | D:2      | 741 ||| Stepping ~*~*~tactically~*~*~ (outnumbered).
   973 | D:2      | Reached XP level 4. HP: 25/25 MP: 6/6
  1145 | D:2      | Found a faded altar of an unknown god.
  1166 | D:2      | 1166 ||| UPGRADING to +0 ring mail.
  1176 | D:2      | 1176 ||| DROPPING +0 leather armour.
  1177 | D:2      | 1177 ||| READING 2 scrolls labelled NAGAMU WEN QEB.
  1178 | D:2      | 1178 ||| READING scroll labelled PYRRUBERGHU.
  1179 | D:2      | 1179 ||| READING scroll labelled ZOFYIS KEMAPAI.
  1333 | D:3      | Found a snail-covered altar of Cheibriados.
  1927 | D:3      | 1927 ||| READING scroll labelled GAMUHE ZAUSTRU.
  1928 | D:3      | 1928 ||| READING scroll labelled SORUSO FUOR.
  1931 | D:3      | 1931 ||| DRINKING 2 white potions.
  1932 | D:3      | 1932 ||| READING 2 scrolls of identify.
  1932 | D:3      | 1932 ||| IDENTIFYING murky pink potion
  1933 | D:3      | 1933 ||| DROPPING potion of lignification.
  2009 | D:4      | Noticed Grinder
  2013 | D:4      | Noticed Sigmund
  2019 | D:4      | HP: 3/25 [Sigmund/+0 scythe (9)]
  2020 | D:4      | Reached skill level 8 in Ranged Weapons
  2020 | D:4      | Reached XP level 5. HP: 4/29 MP: 7/7
  2020 | D:4      | Slain by Sigmund

Levels and vault maps discovered:
D:1:      wander_arrival_fairy_ring, layout_basic, minivault_27,
          minmay_misc_feat_secret_circle
D:2:      layout_rooms, serial_undead, serial_undead_b, serial_undead_f,
          serial_undead_d, serial_undead_c, serial_undead_d,
          shapermc_ecumenical_altar_notcrosses
D:3:      layout_basic, slow_altar_1
D:4:      layout_gridville, marbit_many_paths, roderic_lattice_a,
          kennysheep_generic_room_9, uniq_blork_the_orc, uniq_sigmund,
          uniq_duvessa, uniq_grinder, uniq_edmund

Skill      XL: |  1  2  3  4 |
---------------+-------------+-----
Ranged Weapons | 6 7 8 |  8.4
Fighting       | |  1.5
Dodging        | |  2.4
Stealth        | |  1.2

Action                     |  1- 3 |  4- 6 || total
---------------------------+-------+-------++-------
   Fire: Shortbow          |    98 |    75 ||   173
    Use: Scroll            |     4 |     6 ||    10
         Potion            |       |     1 ||     1
 Armour: Leather armour    |    19 |       ||    19
         Ring mail         |       |     9 ||     9
  Dodge: Dodged            |    54 |    15 ||    69

Table legend:
 A = Non-vault XP
 B = Vault XP
 C = Vault XP percentage of total XP
 D = Non-vault monster count
 E = Vault monster count
 F = Vault count percentage of total count
                 A         B        C        D         E       F
            +---------+---------+-------+---------+---------+-------
      Total |     199 |       7 |   3.4 |      59 |       3 |   4.8
            +---------+---------+-------+---------+---------+-------
        D:1 |      43 |       0 |   0.0 |      16 |       0 |   0.0
        D:2 |      66 |       2 |   2.9 |      25 |       2 |   7.4
        D:3 |      33 |       5 |  13.2 |      17 |       1 |   5.6
        D:4 |      57 |       0 |   0.0 |       1 |       0 |   0.0
            +---------+---------+-------+---------+---------+-------
